 Dungeon Crawl Stone Soup version 0.31-a0-182-gc5ef74bbde (webtiles) character file.

Game seed: 15319244982990052017

41 qw the Shield-Bearer (level 3, -5/23 HPs)
             Began as a Gargoyle Fighter on June 20, 2023.
             Killed by divine providence
             ... invoked by an orc priest
              (13 damage)
             ... on level 3 of the Dungeon.
             The game lasted 00:00:35 (1358 turns).

qw the Shield-Bearer (Gargoyle Fighter)             Turns: 1358, Time: 00:00:36

Health: -5/23      AC: 11    Str: 27    XL:     3   Next: 52%
Magic:  3/3        EV: 12    Int:  8    God:
Gold:   242        SH: 11    Dex:  9    Spells: 2/2 levels left

rFire   . . .        Y - +0 war axe
rCold   . . .        c - +0 tower shield
rNeg    + . .        b - +0 scale mail
rPois   inf          (no helmet)
rElec   +            (no cloak)
rCorr   .            l - +0 pair of gloves
SInv    .            (no boots)
Will    .....        (no amulet) Stlth
                     h - +6 ring of strength
HPRegen 0.23/turn    j - +5 ring of evasion
MPRegen 0.08/turn

%: no passive effects
@: no status effects
A: sickness immunity, AC +3, negative energy resistance 1, electricity
resistance, torment resistance 1, petrification resistance
a: no special abilities


You were on level 3 of the Dungeon.
You visited 1 branch of the dungeon, and saw 3 of its levels.

You collected 242 gold pieces.


Innate Abilities, Weirdness & Mutations

You are immune to sickness and miasma.
Your stone body is resilient. (AC +3)
You are immune to poison.
You resist negative energy. (rN+)
You are resistant to electric shocks. (rElec)
You are resistant to unholy torment.
You are immune to petrification.


   Skills:
 - Level 3.2 Fighting
 - Level 3.0 Axes
 - Level 3.2 Armour
 + Level 3.8 Shields


You had 2 spell levels left.
You didn't know any spells.
Your spell library was empty.

Inventory:

Hand Weapons
 g - a +0 whip
 Y - a +0 war axe (weapon)
Armour
 b - a +0 scale mail (worn)
 c - a +0 tower shield (worn)
 l - a +0 pair of gloves (worn)
Jewellery
 h - a +6 ring of strength (left hand)
 j - a +5 ring of evasion (right hand)
Scrolls
 a - a scroll of teleportation {unknown}
Potions
 d - a potion of might
 e - 2 potions of brilliance {unknown}
 f - a potion of magic {unknown}
 i - a potion of curing {unknown}
 m - a potion of haste {unknown}

Dungeon Overview and Level Annotations

Branches:
Dungeon (2/15)

Altars:
Makhleb

Shops:
D:2 :


Message History

There is an open door here.
You now have 121 gold pieces (gained 5).
You now have 132 gold pieces (gained 11).
You now have 142 gold pieces (gained 10).
You now have 160 gold pieces (gained 18).
You now have 172 gold pieces (gained 12).
You see here 5 poisoned darts.
You now have 188 gold pieces (gained 16).
You now have 195 gold pieces (gained 7).
You now have 208 gold pieces (gained 13).
You now have 216 gold pieces (gained 8).
You now have 225 gold pieces (gained 9).
You hear the slow rusting of a very distant drain.
You now have 242 gold pieces (gained 17).
There is an open door here.
An orc comes into view. It is wielding a +0 flail.
The orc shouts!
You hear a shout! x3
An orc priest comes into view. It is wielding a +0 flail.
1347 ||| Stepping ~*~*~tactically~*~*~ (hiding).
1349 ||| Stepping ~*~*~tactically~*~*~ (hiding).
1352 ||| Stepping ~*~*~tactically~*~*~ (hiding).
You start waiting.
An orc is nearby!
You slash the orc!
You kill the orc!
You closely miss the orc priest.
The orc priest hits you but does no damage. x2
You hit the orc priest.
The orc priest is moderately wounded.
The orc priest looks satisfied for a moment.
You slash the orc priest!
The orc priest is almost dead.
You hear the slow rusting of a very distant drain.
The orc priest mumbles some strange prayers to Beogh against you.
Beogh smites you!
Ouch! That really hurt!
The orc priest invokes the aid of Beogh against you.
Beogh smites you!
Ouch! That really hurt!
You die...

#.# #.# ##.# #..#
#.##########
#.##.......#
#.##.#####.#
#.##.#####.# o
#.......##@# ...
####.##.##o####...o.
#.##......o.o#
#.......######
#########


You could see an orc priest.

Vanquished Creatures
  An adder (D:2)
  An orc (D:3)
  2 ball pythons (D:2)
  A bat (D:2)
  5 endoplasms
  2 giant cockroaches
  4 goblins
  3 hobgoblins
  A quokka (D:2)
  2 frilled lizards (D:2)
  A kobold (D:1)
  3 rats (D:2)
26 creatures vanquished.

Notes
Turn   | Place    | Note
-------+----------+-------------------------------------------
     0 | D:1      | qw the Gargoyle Fighter began the quest for the Orb.
     0 | D:1      | Reached XP level 1. HP: 14/14 MP: 1/1
     0 | D:1      | 0 ||| qw: Version: 0.3-a-9-g12657ce
     0 | D:1      | 0 ||| qw: Game counter: 1318
     0 | D:1      | 0 ||| qw: Always use a shield: true
     0 | D:1      | 0 ||| qw: God list: Okawaru
     0 | D:1      | 0 ||| qw: Allow faded altars: false
     0 | D:1      | 0 ||| qw: Do Orc after D:15 true
     0 | D:1      | 0 ||| qw: Do second Lair branch before Depths: true
     0 | D:1      | 0 ||| qw: Lair rune preference: random
     0 | D:1      | 0 ||| qw: Plans: Normal, Zot:1-4, Slime:5, God:TSO, Crypt,
                  | Tomb, Abyss, Pan, Hells, Win
     0 | D:1      | 0 ||| PLANNING D:1-11
   169 | D:1      | Reached XP level 2. HP: 19/19 MP: 2/2
   187 | D:1      | 187 ||| DROPPING +0 club.
   323 | D:1      | 323 ||| Stepping ~*~*~tactically~*~*~ (stealth).
   502 | D:1      | 502 ||| UPGRADING to +0 kite shield.
   512 | D:1      | 512 ||| DROPPING +0 buckler.
   513 | D:1      | 513 ||| UPGRADING to +6 ring of strength.
   514 | D:1      | 514 ||| UPGRADING to +5 ring of evasion.
   515 | D:1      | 515 ||| READING scroll labelled ARYTA CUULI.
   516 | D:1      | 516 ||| READING 3 scrolls labelled EQON ROPUMEMP.
   517 | D:1      | 517 ||| DROPPING 2 scrolls of fear.
   626 | D:2      | 626 ||| Stepping ~*~*~tactically~*~*~ (stealth).
   633 | D:2      | Reached skill level 3 in Axes
   667 | D:2      | Reached XP level 3. HP: 23/23 MP: 3/3
   685 | D:2      | Found Xisuptac's Book Shoppe.
   743 | D:2      | 743 ||| Stepping ~*~*~tactically~*~*~ (stealth).
  1211 | D:2      | You fall into a shaft and drop 1 floor!
  1217 | D:3      | 1217 ||| PLANNING SEWER
  1219 | D:3      | Found a burning altar of Makhleb.
  1227 | D:3      | 1227 ||| UPGRADING to +0 tower shield.
  1260 | D:3      | 1260 ||| DROPPING +0 kite shield.
  1261 | D:3      | 1261 ||| UPGRADING to +0 pair of gloves.
  1266 | D:3      | Identified the +10 hand axe "Haicoatz" {pain, rElec Will+
                  | Int+2}
  1347 | D:3      | 1347 ||| Stepping ~*~*~tactically~*~*~ (hiding).
  1349 | D:3      | 1349 ||| Stepping ~*~*~tactically~*~*~ (hiding).
  1352 | D:3      | 1352 ||| Stepping ~*~*~tactically~*~*~ (hiding).
  1358 | D:3      | Killed from afar by an orc priest

Levels and vault maps discovered:
D:1:      tarquinn_simple_flora_water_c, layout_rooms
D:2:      layout_loops_corners, serial_shops, nicolae_shop_tiny_waterfront,
          kennysheep_generic_room_5
D:3:      minmay_octagon_keep, layout_loops_cross, mainiacjoe_overflow_paths,
          amcnicky_altar_gilded, mainiacjoe_overflow_alcove_2,
          gup_sewer_entry_glass, corexii_corridor_pit

Skill      XL: |  1  2 |
---------------+-------+-----
Axes           | 2 3 |  3.0
Fighting       | |  3.2
Armour         | |  3.2
Shields        | |  3.8

Action                     || total
---------------------------++-------
  Melee: War axe           ||    70
    Use: Scroll            ||     2
 Armour: Scale mail        ||    23
  Dodge: Dodged            ||    23
  Block: Buckler           ||     4
         Kite shield       ||    11

Table legend:
 A = Non-vault XP
 B = Vault XP
 C = Vault XP percentage of total XP
 D = Non-vault monster count
 E = Vault monster count
 F = Vault count percentage of total count
                 A         B        C        D         E       F
            +---------+---------+-------+---------+---------+-------
      Total |      56 |       3 |   5.1 |      24 |       2 |   7.7
            +---------+---------+-------+---------+---------+-------
        D:1 |      15 |       0 |   0.0 |       8 |       0 |   0.0
        D:2 |      36 |       3 |   7.7 |      14 |       2 |  12.5
        D:3 |       5 |       0 |   0.0 |       2 |       0 |   0.0
            +---------+---------+-------+---------+---------+-------
